 Dungeon Crawl Stone Soup version 0.27-a0-1272-g7c8ad2e407 (webtiles) character file.

Game seed: 5943653683988518290

566 DeathSun the Cudgeller (level 7, -4/61 HPs)
             Began as a Gargoyle Fighter on June 11, 2021.
             Was an Initiate of Qazlal.
             Slain by Prince Ribbit (10 damage)
             ... on level 5 of the Dungeon.
             The game lasted 00:08:18 (4950 turns).

DeathSun the Cudgeller (Gargoyle Fighter)           Turns: 4950, Time: 00:08:19

Health: -4/61      AC: 23    Str: 22    XL:     7   Next: 32%
Magic:  7/7        EV:  2    Int:  8    God:    Qazlal [......]
Gold:   219        SH:  9    Dex:  9    Spells: 6/6 levels left

rFire    . . .     SeeInvis .   a - +0 flail
rCold    . . .     Faith    .   c - +0 kite shield
rNeg     + + +     Spirit   .   (armour currently unavailable)
rPois    ∞         Reflect  .   (helmet currently unavailable)
rElec    .         Harm     .   (cloak currently unavailable)
rCorr    .         Rampage  .   (gloves currently unavailable)
Will     .....     NoTele   +   (boots currently unavailable)
Stlth    +.........             r - amulet of regeneration
HPRegen  1.20/turn              n - +4 ring of evasion
MPRegen  0.10/turn              (no ring)

@: brilliant, tree-form
A: stationary, stasis, torment immunity, boosted hp, sickness immunity, AC +4,
negative energy resistance 1, (electricity resistance), torment resistance 1,
petrification resistance
a: Renounce Religion


You were on level 5 of the Dungeon.
You worshipped Qazlal.
Qazlal was noncommittal.
You were a tree.
You visited 2 branches of the dungeon, and saw 6 of its levels.

You collected 219 gold pieces.

Inventory:

Hand Weapons
 a - a +0 flail (weapon)
Armour
 b - a +0 scale mail
 c - a +0 kite shield (worn)
 y - a +0 helmet (melded)
 z - a +0 chain mail (melded)
Jewellery
 g - a ring of magical power
 n - a +4 ring of evasion (left branch)
 o - a ring of ice
 r - an amulet of regeneration (around neck)
Wands
 x - a wand of iceblast (5)
Scrolls
 e - 3 scrolls of teleportation {unknown}
 k - 2 scrolls of amnesia {unknown}
 l - a scroll of noise {unknown}
 m - 2 scrolls of enchant armour {unknown}
 s - a scroll of identify {unknown}
 t - a scroll of acquirement {unknown}
 v - a scroll of torment {unknown}
 w - a scroll of immolation {unknown}
Potions
 d - 4 potions of might
 f - a potion of curing {unknown}
 h - 2 potions of lignification
 i - a potion of magic
 j - 2 potions of flight {unknown}
 p - a potion of invisibility {unknown}
 q - a potion of brilliance
 u - a potion of heal wounds {unknown}


   Skills:
 - Level 3.2 Fighting
 * Level 7.9 Maces & Flails
 - Level 3.2 Armour
 - Level 3.2 Shields


You had 6 spell levels left.
You didn't know any spells.
Your spell library contained the following spells:

 Spells                   Type           Power      Damage    Failure   Level
 Beastly Appendage        Tmut           0%         N/A       89%         1
 Corona                   Hex            0%         N/A       89%         1
 Slow                     Hex            0%         N/A       96%         2
 Wereblood                Tmut           0%         N/A       96%         2
 Inner Flame              Hex/Fire       0%         N/A       99%         3
 Portal Projectile        Hex/Tloc       0%         N/A       99%         3
 Spider Form              Tmut/Pois      0%         N/A       99%         3
 Cause Fear               Hex            0%         N/A       100%        4
 Ice Form                 Ice/Tmut       0%         N/A       100%        4
 Leda's Liquefaction      Hex/Erth       0%         N/A       100%        4


Dungeon Overview and Level Annotations

Branches:
Dungeon (5/15)             Temple (1/1) D:4

Altars:
Ashenzari
Elyvilon
Fedhas
Hepliaklqana
Makhleb
Nemelex Xobeh
Okawaru
Qazlal
Ru
Trog
Uskayaw
Vehumet
Wu Jian
Xom
Zin
The Shining One
Lugonu

Annotations:
D:5 3 runed translucent doors, Prince Ribbit; Sergey's ghost, weakling DDDe


Innate Abilities, Weirdness & Mutations

You are a tree.
Your roots penetrate the ground, keeping you stationary.
You cannot be teleported.
You are immune to unholy pain and torment.
Your maximum health is greatly increased.
Your equipment is partially melded.
You are immune to sickness and miasma.
((Your stone body is resilient. (AC +4)))
You are immune to poison.
You resist negative energy. (rN+)
((You are resistant to electric shocks. (rElec)))
You are resistant to unholy torment.
You are immune to petrification.


Message History

Prince Ribbit blinks!
You see here a scroll labelled DOTEES QEACVA.
Prince Ribbit hits you. Prince Ribbit hits you!
You completely miss Prince Ribbit.
Prince Ribbit hits you but does no damage.
You closely miss Prince Ribbit. You block Prince Ribbit's attack.
Prince Ribbit closely misses you.
You completely miss Prince Ribbit. Prince Ribbit hits you! x2
* * * LOW HITPOINT WARNING * * *
You see here a scroll labelled DOTEES QEACVA.
Prince Ribbit catches a moth with his tongue.
Prince Ribbit hits you!
* * * LOW HITPOINT WARNING * * *
Okay, then.
You block Prince Ribbit's attack.
Found 17 sling bullets.
Prince Ribbit blinks!
Prince Ribbit hits you.
* * * LOW HITPOINT WARNING * * *
It was a potion of magic.
Magic courses through your body.
Prince Ribbit catches a baby bat with his tongue.
Prince Ribbit blinks!
Level annotation: 3 runed translucent doors, Prince Ribbit; Sergey's ghost, weakling DDDe Welcome back, DeathSun the Gargoyle Fighter.
Qazlal says: Let the forces of nature tear it all down!
Press ? for a list of commands and other information.
Unknown command.
Okay, then.
It was a potion of lignification.
You turn into a tree.
Your +0 helmet melds into your body.
Your +0 chain mail melds into your body.
Your roots penetrate the ground.
Prince Ribbit hits you but does no damage.
You closely miss Prince Ribbit. Prince Ribbit hits you.
* * * LOW HITPOINT WARNING * * *
It was a potion of brilliance.
You feel clever all of a sudden.
Prince Ribbit hits you but does no damage.
Prince Ribbit hits you!
You die...

#.......# .(# ##......##
#.# #..##..### ...##
##.###...#. ##.....##.##
#.#... . #.# #...# #.#..#
...#####.#####...####...##
.........F........##...###
#.......♣..?.........###.
#......#######........###
#....##.# #..###.#..#+
#... ##. #...# ##....# ...
. #....# #.##.. .. #.
......# ##.##F . #.#####.#
.##. . ##. ...# . #.#


You could see Prince Ribbit.

Vanquished Creatures
  A necrophage (D:4)
  An ogre (D:5)
  A kobold brigand (D:5)
  A scorpion (D:4)
  A hound (D:4)
  A jelly (D:4)
  An iguana (D:4)
  Terence (D:3)
  A hound zombie (D:5)
  A hound skeleton (D:4)
  Robin (D:3)
  4 adders
  An adder skeleton (D:4)
  A dart slug (D:1)
  3 orcs
  7 ball pythons
  6 endoplasms
  3 giant cockroaches
  12 goblins
  11 hobgoblins
  3 jackals (D:1)
  5 kobolds
  4 quokkas
  A bat (D:1)
  2 frilled lizards
74 creatures vanquished.

Vanquished Creatures (others)
  4 fungi (D:5)
4 creatures vanquished.

Grand Total: 78 creatures vanquished

Notes
Turn   | Place    | Note
-------+----------+-------------------------------------------
     0 | D:1      | DeathSun the Gargoyle Fighter began the quest for the Orb.
     0 | D:1      | Reached XP level 1. HP: 14/14 MP: 1/1
   292 | D:1      | Reached XP level 2. HP: 14/19 MP: 2/2
   647 | D:1      | Reached skill level 3 in Maces & Flails
  1170 | D:2      | Reached XP level 3. HP: 23/23 MP: 3/3
  1330 | D:2      | Found a hide-covered altar of Uskayaw.
  1741 | D:3      | Noticed Robin
  1834 | D:3      | Reached skill level 4 in Maces & Flails
  1953 | D:3      | Noticed Terence
  1958 | D:3      | Killed Terence
  1959 | D:3      | Reached XP level 4. HP: 28/28 MP: 4/4
  2830 | D:3      | Killed Robin
  2831 | D:3      | Reached skill level 5 in Maces & Flails
  2831 | D:3      | Reached XP level 5. HP: 32/32 MP: 5/5
  3342 | D:4      | Found a blossoming altar of Fedhas.
  3354 | D:4      | Reached skill level 6 in Maces & Flails
  3390 | D:4      | Reached XP level 6. HP: 37/37 MP: 6/6
  3548 | D:4      | Found a staircase to the Ecumenical Temple.
  3560 | Temple   | Entered the Ecumenical Temple
  3622 | Temple   | Became a worshipper of Qazlal Stormbringer
  3720 | D:4      | Found a white marble altar of Elyvilon.
  4020 | D:4      | Found a bloodstained altar of Trog.
  4025 | D:4      | Noticed a necrophage
  4027 | D:4      | Found a glowing golden altar of the Shining One.
  4027 | D:4      | Found an ornate altar of the Wu Jian Council.
  4039 | D:4      | Killed a necrophage
  4040 | D:4      | Reached skill level 7 in Maces & Flails
  4180 | D:5      | Entered Level 5 of the Dungeon
  4211 | D:5      | Noticed Prince Ribbit
  4275 | D:5      | Found a runed translucent gate.
  4275 | D:5      | Found a runed translucent gate.
  4275 | D:5      | Found a runed translucent gate.
  4275 | D:5      | Noticed Sergey's ghost (weakling DDDe)
  4771 | D:5      | Reached XP level 7. HP: 41/41 MP: 7/7
  4779 | D:5      | Found a sacrificial altar of Ru.
  4914 | D:5      | Found a sparkling altar of Nemelex Xobeh.
  4941 | D:5      | HP: 1/41 [Prince Ribbit (11)]
  4946 | D:5      | HP: 2/41 [Prince Ribbit (5)]
  4950 | D:5      | Slain by Prince Ribbit

Illustrated notes

Levels and vault maps discovered:
D:1:      dpeg_arrival_chambers_temple_mockup, layout_basic, minmay_pentomino_p2
D:2:      layout_loops_corners, basic_altar
D:3:      layout_loops_corners, minmay_misc_feat_doors, grunt_ministairs_5,
          uniq_terence, uniq_robin
D:4:      minmay_skewed_foursquare, layout_basic, minitemple,
          overflow_temple_1_default, minmay_temple_entry_hall,
          kennysheep_flooded_box
D:5:      layout_layer_cave, nemelex_diamond_rough_becter,
          nicolae_overflow_crystal_walls, kennysheep_little_box,
          marbit_many_paths, kennysheep_mini_moat,
          gammafunk_ghost_nasty_kobolds, minmay_misc_feat_tiny,
          uniq_prince_ribbit1
Temple:   corrupted_temple

Skill      XL: |  1  2  3  4  5  6 |
---------------+-------------------+-----
Maces & Flails | 3 4 5 6 7 |  7.9
Fighting       | |  3.2
Armour         | |  3.2
Shields        | |  3.2

Action                   |  1- 3 |  4- 6 |  7- 9 || total
-------------------------+-------+-------+-------++-------
Melee: Flail             |    90 |   209 |     9 ||   308
Evoke: Wand              |       |       |     1 ||     1
  Use: Potion            |       |       |     3 ||     3
Armor: Scale mail        |    55 |    70 |       ||   125
       Chain mail        |       |    19 |     1 ||    20
       Skin              |       |       |     2 ||     2
Dodge: Dodged            |    41 |    94 |     3 ||   138
Block: Kite shield       |    46 |   108 |     2 ||   156

Table legend: (Time is in decaauts)
 A = Elapsed time spent in this place.
 B = Non-inter-level travel time spent in this place.
 C = Inter-level travel time spent in this place.
 D = Time resting spent in this place.
 E = Time spent auto-exploring this place.
 F = Levels seen in this place.
 G = Mean time per level.
                   A        B        C        D        E       F      G
               +--------+--------+--------+--------+--------+-----+--------+
         Total |   5075 |   4355 |    720 |    554 |   2903 |   6 |  845.8 |
       Dungeon |   4999 |   4289 |    710 |    554 |   2865 |   5 |  999.8 |
        Temple |     76 |     66 |     10 |      0 |     38 |   1 |   76.0 |
               +--------+--------+--------+--------+--------+-----+--------+

Top non-repeatable levels by time:
     D:3: 1548 daAuts
     D:4: 1136 daAuts
     D:2: 1115 daAuts
     D:1: 782 daAuts
     D:5: 415 daAuts
  Temple: 76 daAuts
